 Dungeon Crawl Stone Soup version 0.28.0-53-g5a82cb258f (webtiles) character file.

Game seed: 11388023907904958665

3289 styxcanada the Covert (level 9, -11/46 HPs)
             Began as a Spriggan Brigand on Aug 10, 2022.
             Killed from afar by a steam dragon (18 damage)
             ... with a ball of steam
             ... on level 7 of the Dungeon.
             The game lasted 00:33:28 (8429 turns).

styxcanada the Covert (Spriggan Brigand)            Turns: 8429, Time: 00:33:29

Health: -11/46     AC:  7    Str: 19    XL:     9   Next: 69%
Magic:  23/23      EV: 38    Int: 18    God:
Gold:   372        SH:  0    Dex: 20    Spells: 10/13 levels left

rFire   . . .      SeeInvis +   p - +2 dagger (venom)
rCold   . . .      Faith    .   (no shield)
rNeg    . . .      Spirit   .   b - +1 robe
rPois   .          Reflect  .   i - +3 hat of Pondering {ponderous, Will+ MP+10 Int+5}
rElec   .          Harm     .   c - +0 cloak
rCorr   .          Rampage  .   (gloves unavailable)
Will    ++...                   (boots unavailable)
Stlth   ++++++....              x - amulet of the acrobat
HPRegen 0.15/turn               o - +6 ring of strength
MPRegen 0.18/turn               s - +6 ring of strength

@: acrobatic, very quick
A: very small, no large weapons, unfitting armour, see invisible, speed 3
a: no special abilities


You were on level 7 of the Dungeon.
You visited 2 branches of the dungeon, and saw 8 of its levels.

You collected 372 gold pieces.

Inventory:

Hand Weapons
 a - a +2 dagger
 n - a +0 short sword of speed
 p - a +2 dagger of venom (weapon)
 r - the +8 trident of the Octopus King {venom, rElec rPois}
   (You found it on level 3 of the Dungeon)

   It poisons the flesh of those it strikes.
   rElec:     It insulates you from electricity.
   rPois:     It protects you from poison.
 t - a +0 hunting sling
 C - a +3 flail of holy wrath
Missiles
 d - 2 poisoned darts (quivered)
 e - a curare-tipped dart
 g - 216 stones
 m - 2 boomerangs of dispersal
 w - 4 silver boomerangs
 B - 17 sling bullets
Armour
 b - a +1 robe (worn)
 c - a +0 cloak (worn)
 i - the +3 hat of Pondering (worn) {ponderous, Will+ MP+10 Int+5}
   (You acquired it on level 4 of the Dungeon)

   Int:       It affects your intelligence (+5).
   MP:        It affects your magic capacity (+10).
   Will:      It increases your willpower.
 F - +0 swamp dragon scales
Jewellery
 o - a +6 ring of strength (left hand)
 s - a +6 ring of strength (right hand)
 x - an amulet of the acrobat (around neck)
 y - an amulet of magic regeneration
 H - a ring of magical power
Wands
 u - a wand of polymorph (7)
 G - a wand of flame (10)
Scrolls
 l - 2 scrolls of blinking
 z - a scroll of immolation
 A - a scroll of identify
 E - a scroll of fear {unknown}
Potions
 f - 3 potions of lignification
 h - a potion of brilliance
 j - a potion of might
 k - a potion of berserk rage
 q - 2 potions of curing
 v - a potion of mutation
 D - a potion of invisibility


   Skills:
 + Level 4.5 Fighting
 + Level 6.0 Short Blades
 + Level 2.1 Polearms
 + Level 3.3 Throwing
 * Level 8.4 Dodging
 * Level 13.2 Stealth
 * Level 2.5 Spellcasting
 * Level 1.2 Conjurations
 * Level 2.4 Evocations


You had 10 spell levels left.
You knew the following spells:

 Your Spells              Type           Power      Damage    Failure   Level
a - Magic Dart            Conj           24%        1d4       11%         1
b - Searing Ray           Conj           12%        2d4       16%         2

Your spell library contained the following spells:

 Spells                   Type           Power      Damage    Failure   Level
 Sandblast                Erth           4%         2d4       17%         1
 Passwall                 Tmut/Erth      1%         N/A       26%         2
 Stone Arrow              Conj/Erth      8%         3d7       36%         3
 Frozen Ramparts          Ice            4%         1d2       45%         3
 Summon Guardian Golem    Hex/Summ       2%         N/A       45%         3
 Fulminant Prism          Conj/Hex       2%         3d6       78%         4
 Ice Form                 Ice/Tmut       2%         N/A       86%         4
 Summon Ice Beast         Ice/Summ       2%         N/A       86%         4
 Orb of Destruction       Conj           3%         9d5       100%        7
 Spellforged Servitor     Conj/Summ      2%         N/A       100%        7


Dungeon Overview and Level Annotations

Branches:
Dungeon (7/15)             Temple (1/1) D:6

Altars:
Ashenzari
Fedhas
Hepliaklqana
Kikubaaqudgha
Makhleb
Nemelex Xobeh
Okawaru
Qazlal
Trog
Vehumet
Zin
The Shining One


Innate Abilities, Weirdness & Mutations

You are very small and have problems with some larger weapons.
You are too small for most types of armour.
You have supernaturally acute eyesight. (SInv)
You cover ground extremely quickly. (Speed+++)


Message History

The orc wizard misses you.
You hit the orc wizard.
You kill the orc wizard!
The steam dragon breathes steam at you. The ball of steam hits you!!
Ouch! That really hurt!
You hear a shout!
You are engulfed in a cloud of scalding steam.
The steam dragon misses you. The steam dragon closely misses you.
You hit the steam dragon.
The steam dragon is poisoned.
The steam dragon is lightly wounded.
The steam dragon barely misses you.
The steam dragon claws you but does no damage.
You hit the steam dragon.
The steam dragon looks as sick as possible!
The steam dragon is moderately wounded.
The steam dragon completely misses you. The steam dragon barely misses you.
You hit the steam dragon.
The steam dragon looks as sick as possible!
The steam dragon is heavily wounded.
You hit the steam dragon but do no damage.
The steam dragon looks as sick as possible!
The steam dragon is heavily wounded.
The steam dragon misses you. The steam dragon barely misses you.
You closely miss the steam dragon.
The steam dragon is severely wounded.
The steam dragon completely misses you. The steam dragon misses you.
You barely miss the steam dragon. Your punch misses the steam dragon.
The steam dragon is severely wounded.
An orc comes into view. It is wielding a +0 hand axe.
You hit the steam dragon.
The steam dragon is almost dead.
The steam dragon breathes steam at you. The ball of steam hits you!
* * * LOW HITPOINT WARNING * * *
You are engulfed in a cloud of scalding steam.
* * * LOW HITPOINT WARNING * * *
The steam dragon breathes steam at you. The ball of steam hits you!!
You die...

#........# ...
#########........##.....
......))........<.......
#########.....##..#..... ##
####........#.##
#####.###......###....#
...................##.##..
....###..................#..
###.###.........@.......##..
..#...§.........§...........
....§..#.......§............
....§§.........§............
.....)........D.............
....§..§.....<(.............
.............).....#..####.
..#...............)......#
######..##.#)............#


You could see a steam dragon (very poisoned, catching breath).

Vanquished Creatures
  Pikel (D:6)
  Maggie (D:6)
  A kobold demonologist (D:6)
  Grinder (D:4)
  Edmund (D:6)
  An ice beast (D:6)
  A sky beast (D:5)
  An orc warrior (D:6)
  2 black bears
  A necrophage (D:5)
  3 ogres
  A bullfrog (D:6)
  5 wights (D:6)
  A howler monkey (D:6)
  An electric eel (D:6)
  A bullfrog zombie (D:5)
  A centaur zombie (D:7)
  4 hounds
  2 jellies
  2 centaur skeletons (D:4)
  An orc priest (D:7)
  A bullfrog skeleton (D:6)
  Ijyb (D:5)
  4 iguanas (D:5)
  4 orc wizards
  A killer bee zombie (D:6)
  A gnoll (D:1)
  5 adders
  A white imp (D:5)
  An ufetubus (D:4)
  A worm (D:2)
  3 dart slugs
  20 orcs
  9 ball pythons
  8 bats
  5 endoplasms
  A giant cockroach (D:2)
  9 hobgoblins
  8 jackals
  6 quokkas
  5 frilled lizards
  11 goblins
  7 kobolds
  5 rats
150 creatures vanquished.

Vanquished Creatures (others)
  A sky beast (D:7)
  7 plants (D:6)
8 creatures vanquished.

Grand Total: 158 creatures vanquished

Notes
Turn   | Place    | Note
-------+----------+-------------------------------------------
     0 | D:1      | styxcanada the Spriggan Brigand began the quest for the
                  | Orb.
     0 | D:1      | Reached XP level 1. HP: 10/10 MP: 2/2
    22 | D:1      | Reached skill level 6 in Stealth
   265 | D:1      | Reached XP level 2. HP: 15/15 MP: 3/3
   994 | D:1      | Reached skill level 7 in Stealth
   994 | D:1      | Reached XP level 3. HP: 18/18 MP: 4/4
  2329 | D:2      | Found a faded altar of an unknown god.
  2849 | D:2      | Reached XP level 4. HP: 19/23 MP: 5/5
  2955 | D:3      | Noticed an ogre
  3424 | D:3      | Found the +8 trident of the Octopus King {venom, rElec
                  | rPois}
  3988 | D:3      | Killed an ogre
  3989 | D:3      | Reached skill level 8 in Stealth
  3989 | D:3      | Reached XP level 5. HP: 26/26 MP: 6/6
  4835 | D:4      | Identified a scroll of acquirement
  4835 | D:4      | Acquired the +3 hat of Pondering {ponderous, Will+ MP+10
                  | Int+5}
  4835 | D:4      | Found the +3 hat of Pondering {ponderous, Will+ MP+10
                  | Int+5}
  4941 | D:4      | Noticed Grinder
  4948 | D:4      | Killed Grinder
  4949 | D:4      | Reached skill level 9 in Stealth
  4949 | D:4      | Reached XP level 6. HP: 32/32 MP: 7/7
  5265 | D:5      | Entered Level 5 of the Dungeon
  5286 | D:5      | Reached XP level 7. HP: 35/35 MP: 8/8
  5496 | D:5      | Noticed Ijyb
  5503 | D:5      | Killed Ijyb
  5573 | D:5      | Reached skill level 1 in Polearms
  5584 | D:5      | Reached skill level 10 in Stealth
  5687 | D:5      | Reached skill level 5 in Dodging
  5828 | D:5      | Reached XP level 8. HP: 35/40 MP: 9/9
  5959 | D:5      | Reached skill level 11 in Stealth
  5973 | D:5      | Learned a level 1 spell: Magic Dart
  6198 | D:6      | Found an iron altar of Okawaru.
  6261 | D:6      | Noticed a kobold demonologist
  6287 | D:6      | Noticed an orange demon
  6367 | D:6      | Noticed a smoke demon
  6381 | D:6      | Noticed a hellwing
  6395 | D:6      | Killed a kobold demonologist
  6396 | D:6      | Reached skill level 5 in Short Blades
  6396 | D:6      | Reached skill level 12 in Stealth
  6603 | D:6      | Noticed Pikel
  6636 | D:6      | Killed Pikel
  6637 | D:6      | Reached XP level 9. HP: 10/45 MP: 10/10
  6901 | D:6      | Found a hazy altar of Hepliaklqana.
  6962 | D:6      | Learned a level 2 spell: Searing Ray
  6970 | D:6      | Found an ancient bone altar of Kikubaaqudgha.
  7238 | D:6      | Reached skill level 13 in Stealth
  7238 | D:6      | Reached skill level 1 in Evocations
  7251 | D:6      | Reached skill level 1 in Spellcasting
  7349 | D:6      | Noticed Edmund
  7359 | D:6      | Killed Edmund
  7421 | D:6      | Found a staircase to the Ecumenical Temple.
  7581 | D:6      | Noticed Maggie
  7602 | D:6      | Killed Maggie
  7603 | D:6      | Reached skill level 1 in Conjurations
  8187 | Temple   | Entered the Ecumenical Temple
  8429 | D:7      | Killed from afar by a steam dragon

Illustrated notes

Levels and vault maps discovered:
D:1:      doesnt_arrival_eight_statues, layout_basic, dk_noncrumbling_2
D:2:      layout_loops_ring, shapermc_ecumenical_altar_totnotflames,
          grunt_ministairs_5
D:3:      layout_basic
D:4:      layout_basic, fountainhead, uniq_grinder
D:5:      layout_loops_ring, uniq_ijyb
D:6:      layout_rooms, mainiacjoe_overflow_chevrons,
          nicolae_overflow_hidden_temple, mainiacjoe_overflow_small_starburst,
          minmay_temple_entry_from_below_a, kennysheep_donut, uniq_maggie,
          uniq_edmund, uniq_pikel
D:7:      layout_rooms, mainiacjoe_overflow_alcove_1
Temple:   compressed_dpeg_triangle_lava_temple

Skill      XL: |  1  2  3  4  5  6  7  8  9 |
---------------+----------------------------+-----
Stealth        | 6 7 8 9 10 12 13 | 13.2
Dodging        | 2 3 4 5 7 8 |  8.4
Fighting       | 2 3 4 |  4.5
Short Blades   | 3 4 5 6 |  6.0
Polearms       | 1 2 |  2.1
Throwing       | 3 |  3.3
Evocations     | 2 |  2.4
Spellcasting   | 2 |  2.5
Conjurations   | 1 |  1.2

Action                   |  1- 3 |  4- 6 |  7- 9 || total
-------------------------+-------+-------+-------++-------
Melee: Dagger            |   141 |   121 |   218 ||   480
       Punch             |       |     2 |     4 ||     6
       Trident           |       |    38 |    63 ||   101
Throw: Dart              |    18 |    11 |    17 ||    46
 Cast: Magic Dart        |       |       |     4 ||     4
  Use: Scroll            |       |    11 |     5 ||    16
 Stab: Sleeping          |    14 |    10 |    14 ||    38
Armor: Robe              |    15 |    19 |    43 ||    77
Dodge: Dodged            |    99 |   148 |   218 ||   465
